 Dungeon Crawl Stone Soup version 0.24-a0-458-gfcb5e6da0e (webtiles) character file.

Game seed: 15658558905083185491

18 pk666 the Magician (level 2, 0/15 HPs)
             Began as a Deep Elf Wizard on June 26, 2019.
             Slain by a bat (1 damage)
             ... on level 1 of the Dungeon.
             The game lasted 00:01:09 (595 turns).

pk666 the Magician (Deep Elf Wizard)                 Turns: 595, Time: 00:01:09

Health: 0/15       AC:  2    Str:  4    XL:     2   Next: 51%
Magic:  0/9        EV: 13    Int: 22    God:
Gold:   60         SH:  0    Dex: 13    Spells: 9/10 levels left

rFire    . . .     SeeInvis .   e - +0 dagger
rCold    . . .     Gourm    .   (no shield)
rNeg     . . .     Faith    .   a - +0 robe
rPois    .         Spirit   .   b - +0 hat
rElec    .         Reflect  .   (no cloak)
rCorr    .         Harm     .   (no gloves)
MR       .....                  (no boots)
Stlth    ++........             (no amulet)
HPRegen  0.05/turn              (no ring)
MPRegen  0.11/turn              (no ring)

@: very slightly contaminated
A: no striking features
a: no special abilities


You were on level 1 of the Dungeon.
You were not hungry.

You visited 1 branch of the dungeon, and saw 1 of its levels.

You collected 60 gold pieces.

Inventory:

Hand Weapons
 e - a +0 dagger (weapon)
Armour
 a - a +0 robe (worn)
 b - a +0 hat (worn)
Scrolls
 f - a scroll of blinking {unknown}
 g - a scroll of random uselessness {unknown}
 i - a scroll of identify {unknown}
 j - 3 scrolls of magic mapping {unknown}
 k - a scroll of teleportation {unknown}
Potions
 c - a potion of brilliance {unknown}
 h - a potion of heal wounds {unknown}
Comestibles
 d - 3 rations


   Skills:
 + Level 3.0 Dodging
 - Level 2.4 Stealth
 + Level 4.8 Spellcasting
 + Level 1.7 Conjurations
   Level 1.1 Summonings
   Level 1.1 Translocations


You had 9 spell levels left.
You knew the following spells:

 Your Spells              Type           Power        Failure   Level  Hunger
a - Magic Dart            Conj           ##..         4%          1    None

Your spell library contained the following spells:

 Spells                   Type           Power        Failure   Level  Hunger
 Blink                    Tloc           N/A          10%         2    None
 Call Imp                 Summ           ##......     10%         2    None
 Slow                     Hex            #.......     16%         2    None
 Conjure Flame            Conj/Fire      #.......     22%         3    ##.....
 Mephitic Cloud           Conj/Pois/Air  #.......     24%         3    ##.....


Dungeon Overview and Level Annotations

Branches:
Dungeon (1/15)

Altars:


Message History

Aiming: Magic Dart (safe; 4% risk of failure)
Press: ? - help, Shift-Dir - straight line, f/p - gnoll
Aim: a gnoll, wielding a +0 club (heavily wounded)
The magic dart hits the gnoll.
The gnoll is heavily wounded.
The bat hits you but does no damage. The bat closely misses you.
The gnoll misses you.
Casting: Magic Dart (safe; 4% risk of failure)
Confirm with . or Enter, or press ? or * to list all spells.
You don't have enough magic to cast that spell.
Casting: Magic Dart (safe; 4% risk of failure)
Confirm with . or Enter, or press ? or * to list all spells.
You don't have enough magic to cast that spell.
Casting: Magic Dart (safe; 4% risk of failure)
Confirm with . or Enter, or press ? or * to list all spells.
You don't have enough magic to cast that spell.
You hit the gnoll.
The gnoll is severely wounded.
The bat hits you.
You die...

#........####...#...........##
#..........##...[...).......#
#..............##...........#
.......####...##..........).#
......######................#
......###.................†.#
.......##...................#
.......##......g............#####
######..#.....[.@b#.....#........
......#.#.........###########....
......#...........# ###..##
......#....(......## #....#
...................########....#
........##.##.####.............#
.......###.....############....#
##...### ###....# #....# ....##
##...# ######


You could see a gnoll and a bat.

Vanquished Creatures
  A dart slug (D:1)
  A leopard gecko (D:1)
  A giant cockroach (D:1)
  2 goblins (D:1)
  2 hobgoblins (D:1)
  2 ball pythons (D:1)
  A frilled lizard (D:1)
  4 kobolds (D:1)
  2 rats (D:1)
16 creatures vanquished.

Notes
Turn   | Place    | Note
-------+----------+-------------------------------------------
     0 | D:1      | pk666 the Deep Elf Wizard began the quest for the Orb.
     0 | D:1      | Reached XP level 1. HP: 10/10 MP: 7/7
   211 | D:1      | Reached XP level 2. HP: 15/15 MP: 5/9
   595 | D:1      | Slain by a bat

Levels and vault maps discovered:
D:1:      roderic_dead_forest, layout_rooms, minmay_indecisive_spiral

Skill      XL: |  1  2 |
---------------+-------+-----
Dodging        | 3 |  3.0
Stealth        | |  2.4
Spellcasting   | |  4.8
Conjurations   | |  1.7
Summonings     | |  1.1
Translocations | |  1.1

Action                   || total
-------------------------++-------
Melee: Dagger            ||     1
 Cast: Magic Dart        ||    39
Armor: Robe              ||     9
Dodge: Dodged            ||    27

Table legend:
 A = Non-vault XP
 B = Vault XP
 C = Vault XP percentage of total XP
 D = Non-vault monster count
 E = Vault monster count
 F = Vault count percentage of total count
                 A         B        C        D         E       F
            +---------+---------+-------+---------+---------+-------
      Total |      24 |       3 |  11.1 |      14 |       2 |  12.5
            +---------+---------+-------+---------+---------+-------
        D:1 |      24 |       3 |  11.1 |      14 |       2 |  12.5
            +---------+---------+-------+---------+---------+-------
